Cogmind - Beta 10.2 @@@ ROGUE MODE // 2020.12.19 @ 18:44:08 Player: Demise Result: Destroyed by DAS Turret with DAS Cannon Performance ------------- Evolutions (0) 0 Regions Visited (3) 600 Robots Destroyed (25) 125 Value Destroyed (478) 478 Prototype IDs (39) 780 Alien Tech Used (0) 0 Bonus (325) 325 TOTAL SCORE: 2308 Bonus ------- Follower Combat Kills 25 Aligned with FarCom 300 Cogmind --------- Core Integrity 0/250 Matter 290/300 Energy 83/100 System Corruption 2% Temperature Cool (0) Movement Treading (180) Ox1 Location -10/Exiles Parts ------- > --- POWER (1) -------- (None) > --- PROPULSION (2) --- Light Treads > --- UTILITY (2) ------ Large Storage Unit Large Storage Unit > --- WEAPON (2) ------- Longsword +1 > --- INVENTORY (16) --- Gravity Neutralizing Apparatus Autogun Peak State ------------ > --- POWER ------------ (None) > --- PROPULSION ------- Light Treads > --- UTILITY ---------- Lightpack 2.0 > --- WEAPON ----------- Shock Rifle Shock Rifle > --- INVENTORY -------- Improved Aluminum Leg Advanced Myomer Leg Experimental Heat Sink Large Storage Unit Large Storage Unit High-capacity Storage Unit High-capacity Storage Unit Medium Matter Pod Medium Matter Pod Gravity Neutralizing Apparatus Salvage Targeting Computer Advanced Weapon Cycler Improved Weapon Shielding Light Armor Plating Light Armor Plating AS-neutralizer No. 17b Autogun Improved Datajack Mining Laser Longsword +1 [Rating: 33] Favorites ----------- Power Ion Engine Engine Ion Engine Propulsion Light Treads Treads Light Treads Leg Improved Aluminum Leg Utility High-capacity Storage Unit Storage High-capacity Storage Unit Protection Light Armor Plating Weapon Shock Rifle Energy Gun Shock Rifle Ballistic Gun Assault Rifle Launcher Rocket Launcher Special Weapon Mining Laser Slashing Weapon Longsword +1 Special Melee Weapon Improved Datajack Build | -11 -10 -10 -10 ------- Run | Scr Mat Min Exi Slots Evolved . | . . . . Power . | . . . . Propulsion . | . . . . Utility . | . . . . Weapon . | . . . . Parts Attached 61 | 6 19 7 29 Power 2 | 1 1 . . Engine 2 | 1 1 . . Core . | . . . . Reactor . | . . . . Propulsion 11 | 2 2 2 5 Treads 7 | 2 . 2 3 Leg 4 | . 2 . 2 Wheel . | . . . . Hover . | . . . . Flight . | . . . . Utility 20 | 1 7 . 12 Device . | . . . . Storage 14 | 1 7 . 6 Processor . | . . . . Hackware . | . . . . Protection 6 | . . . 6 Artifact . | . . . . Weapon 28 | 2 9 5 12 Energy Gun 8 | 2 1 2 3 Energy Cannon . | . . . . Ballistic Gun 11 | . 6 1 4 Ballistic Cannon . | . . . . Launcher 3 | . . 2 1 Special Weapon 3 | . 2 . 1 Impact Weapon . | . . . . Slashing Weapon 2 | . . . 2 Piercing Weapon . | . . . . Special Melee Weapon 1 | . . . 1 Unidentified Prototypes . | . . . . Parts Lost 19 | . 1 1 17 Power 1 | . . . 1 Propulsion 6 | . . 1 5 Utility 5 | . . . 5 Weapon 7 | . 1 . 6 Highest Loss Streak 7 | . 1 1 7 Average Slot Usage (%) 93 | . 99 99 84 Engine 11 | . 14 14 8 Treads 18 | . 18 12 21 Leg 8 | . 9 15 3 Storage 25 | . 28 28 22 Protection 1 | . . . 2 Energy Gun 9 | . 10 5 11 Ballistic Gun 12 | . 15 20 4 Launcher 1 | . . 1 2 Special Melee Weapon 2 | . . . 5 Naked Turns . | . . . . Heaviest Build 76 | 13 72 75 76 Greatest Support 43 | 40 40 40 43 Greatest Overweight (x) 3 | . 2 2 3 Average Overweight (x) 1 | . . 1 . Largest Inventory Capacity 24 | 6 20 20 24 Average Capacity 17 | 5 14 20 17 Most Carried 21 | 4 20 20 21 Average Carried 15 | 2 13 19 13 Final Capacity 20 | 6 20 20 16 Final Carried 20 | 4 20 20 2 Class Distribution -------------------- 63% | Hauler-Mutant 36% | Mutant Dominant Class ---------------- Mutant | -10/Materials Hauler-Mutant | -10/Mines Hauler-Mutant | -10/Exiles Resources | -11 -10 -10 -10 ----------- Run | Scr Mat Min Exi Matter Collected 1543 | 260 446 140 697 Remotely . | . . . . Salvage Created 1057 | 154 691 30 182 Parts 60 | 9 45 . 6 Haulers Intercepted 2 | . 2 . . Recyclers Shooed . | . . . . Parts Field Recycled . | . . . . Retrieved Matter . | . . . . Parts Self-Destructed . | . . . . Prevented . | . . . . Kills | -11 -10 -10 -10 ------- Run | Scr Mat Min Exi Combat Hostiles Destroyed 30 | . 16 7 7 Melee 1 | . . . 1 Guns 19 | . 15 . 4 AOE 10 | . 1 7 2 Classes Destroyed 9 | 2 6 1 . Worker 1 | . 1 . . Tunneler 2 | 2 . . . Hauler 2 | . 2 . . Recycler 1 | 1 . . . Operator 1 | . 1 . . Watcher 1 | . 1 . . Swarmer 6 | . 6 . . Grunt 10 | . 10 . . Assembled 13 | . . 7 6 Best Kill Streak 7 | 3 6 7 4 Combat Bots Only 7 | . 6 7 4 Max Kills in Single Turn 5 | 1 2 5 2 Gunslinging . | . . . . Exploded 5 | . 1 5 2 Melee 1 | . . . 1 Uniques/NPCs Destroyed 1 | . . . 1 8R-AWN (-10/Exiles) Combat | -11 -10 -10 -10 -------- Run | Scr Mat Min Exi Damage Taken 2888 | . 539 247 2102 Core 276 | . 85 . 191 Absorbed by Shields . | . . . . Core Remaining (%) 100 | 100 . . . Volleys Fired 142 | 6 64 5 67 Largest 2 | 2 2 2 2 Hottest 120 | 90 120 53 100 Shots Fired 259 | 12 119 8 120 Gun 243 | 12 111 4 116 Cannon . | . . . . Launcher 5 | . . 4 1 Special 11 | . 8 . 3 Kinetic 160 | . 57 4 99 Thermal 17 | 6 8 . 3 Explosive 5 | . . 4 1 Electromagnetic 77 | 6 54 . 17 Robot Hit Streak 14 | 5 10 3 14 Robot Miss Streak 6 | 1 6 4 6 Penetration Max . | . . . . Secondary Targets 1 | . 1 . . Max Gunslinging Chain 1 | . 1 . . Shots Hit Robots 162 | 9 63 1 89 Core Hits 68 | 4 30 13 21 Critical Hits . | . . . . Critical Kills . | . . . . Critical Parts Destroyed . | . . . . Melee Attacks 19 | . . . 19 Impact . | . . . . Slashing 14 | . . . 14 Piercing . | . . . . Sneak Attacks 5 | . . . 5 Combat Hostiles . | . . . . Follow-up Attacks . | . . . . Damage Inflicted 3044 | 128 1000 341 1575 Guns 2270 | 128 870 12 1260 Cannons . | . . . . Explosions 550 | . 130 329 91 Melee 224 | . . . 224 Ramming . | . . . . Kinetic 1522 | . 340 12 1170 Thermal 181 | 51 130 . . Explosive 420 | . . 329 91 Electromagnetic 697 | 77 530 . 90 Impact . | . . . . Slashing 224 | . . . 224 Piercing . | . . . . Highest Corruption 2 | . 2 2 2 Average Corruption 2 | . 2 2 2 Corruption Purged . | . . . . Effects 40 | . 8 11 21 Message Errors 15 | . 3 5 7 Heat Flow Errors 8 | . 2 2 4 Energy Discharges 8 | . 2 1 5 Data Loss (minor) 5 | . 1 3 1 Targeting Errors 2 | . . . 2 Weapon Failures 2 | . . . 2 Overload Shots . | . . . . Overflow Damage 25 | . 3 22 . Projectiles . | . . . . Explosions 25 | . 3 22 . Melee . | . . . . Knockbacks . | . . . . Impact . | . . . . Kinetic . | . . . . Secondary . | . . . . Self-Inflicted Damage 85 | . 33 52 . Shots 3 | . 1 2 . Rammed . | . . . . Targets Rammed . | . . . . Kicked . | . . . . Crushed . | . . . . Highest Temperature 318 | 60 245 189 318 Average Temperature 60 | 26 43 96 73 Received Heat Transfer 402 | . 222 . 180 Siege Activations . | . . . . Robots Corrupted . | . . . . Combat Hostiles . | . . . . Parts Fried 4 | . 4 . . Impact Corruptions . | . . . . Robots Melted . | . . . . Combat Hostiles . | . . . . Parts Melted . | . . . . Heat Transferred 348 | 148 200 . . Parts Sabotaged . | . . . . Parts Stolen . | . . . . Parts Stripped . | . . . . Power Chain Reactions 3 | . 3 . . Missiles Intercepted . | . . . . Alert | -11 -10 -10 -10 ------- Run | Scr Mat Min Exi Peak Influence 198 | 15 198 73 . Initial 50 | . 9 50 . Average 70 | 5 117 18 . Maximum Alert Level . | . . . . Low Security (%) 100 | 100 100 100 . Level 1 . | . . . . Level 2 . | . . . . Level 3 . | . . . . Level 4 . | . . . . Level 5 . | . . . . High Security . | . . . . Max Security . | . . . . Squads Dispatched 6 | . 5 1 . Investigation 5 | . 4 1 . Extermination . | . . . . Reinforcement 1 | . 1 . . Assault . | . . . . Garrison . | . . . . Intercept . | . . . . Construction Impeded . | . . . . Haulers Reinforced . | . . . . Stealth | -11 -10 -10 -10 --------- Run | Scr Mat Min Exi Distress Signals 1 | . 1 . . Communications Jammed . | . . . . Distress Signals . | . . . . Times Spotted 129 | . 20 15 94 Peak Tracking Total 10 | . 4 10 9 Tactical Retreats 11 | . 1 . 10 Traps | -11 -10 -10 -10 ------- Run | Scr Mat Min Exi Traps Triggered 3 | . 3 . . Indirectly . | . . . . Trap Hack Attempts . | . . . . Triggered . | . . . . Disarmed . | . . . . Reprogrammed . | . . . . Reused . | . . . . Traps Extracted . | . . . . Installed . | . . . . Triggered . | . . . . Machines | -11 -10 -10 -10 ---------- Run | Scr Mat Min Exi Machines Disabled 9 | . 2 . 7 Max in Single Turn 1 | . 1 . 1 Machines Sabotaged . | . . . . Garrisons Compromised . | . . . . Overloaded Fab Kills . | . . . . Fab Network Shutdowns . | . . . . Hacking | -11 -10 -10 -10 --------- Run | Scr Mat Min Exi Machines Accessed 13 | . 9 2 2 Terminals 7 | . 6 1 . Fabricators . | . . . . Repair Stations 1 | . 1 . . Recycling Units 2 | . 2 . . Scanalyzers . | . . . . Garrison Access . | . . . . Total Hacks 42 | . 37 3 2 Successful 26 | . 22 2 2 Failed 15 | . 15 . . Catastrophic 3 | . 3 . . Database Lockouts 1 | . . 1 . Manual 36 | . 28 7 1 Terminals 30 | . 28 2 . Fabricators . | . . . . Repair Stations 4 | . 4 . . Recycling Units 5 | . 5 . . Scanalyzers . | . . . . Garrison Access . | . . . . Terminal Hacks 12 | . 8 2 2 Record 1 | . . . 1 Part Schematic 1 | . . 1 . Robot Analysis 4 | . 4 . . Prototype ID Bank 1 | . 1 . . Open Door 1 | . . 1 . Level Access Points 1 | . 1 . . Branch Access Points 1 | . 1 . . Terminal Index 1 | . 1 . . EX-Prototype ID Bank 1 | . . . 1 Fabricator Hacks . | . . . . Repair Station Hacks 4 | . 4 . . Scan Component 2 | . 2 . . Repair 2 | . 2 . . Recycling Unit Hacks 3 | . 3 . . Report Inventory 2 | . 2 . . Retrieve Components 1 | . 1 . . Scanalyzer . | . . . . Garrison Access Hacks . | . . . . Unauthorized Hacks 7 | . 7 . . Terminals 5 | . 5 . . Track 1 | . 1 . . Botnet 4 | . 4 . . Fabricators . | . . . . Repair Stations . | . . . . Recycling Units 2 | . 2 . . Tunnel 2 | . 2 . . Scanalyzers . | . . . . Garrison Access . | . . . . Data Cores Recovered . | . . . . Used . | . . . . Hacking Detections 9 | . 8 1 . Full Trace Events 1 | . 1 . . Feedback Events . | . . . . Feedback Blocked . | . . . . Robot Schematics Acquired . | . . . . Robots Built . | . . . . Matter . | . . . . Time . | . . . . Total Robot Build Rating . | . . . . Part Schematics Acquired 1 | . . 1 . Parts Built . | . . . . Matter . | . . . . Time . | . . . . Total Part Build Rating . | . . . . Parts Repaired 2 | . 2 . . Time 52 | . 52 . . Parts Recycled . | . . . . Recycled Matter . | . . . . Retrieved Matter . | . . . . Retrieved Components 10 | . 10 . . Parts Scanalyzed . | . . . . Part Schematics Acquired . | . . . . Parts Damaged . | . . . . Bothacking | -11 -10 -10 -10 ------------ Run | Scr Mat Min Exi Used RIF Installer . | . . . . Robots Hacked 5 | . . . 5 Non-combat 3 | . . . 3 Combat 2 | . . . 2 Robot Hacks Applied 5 | . . . 5 parse_system 5 | . . . 5 Relay Couplers Released . | . . . . Robots Rewired . | . . . . Allies Hacked . | . . . . Hacks Repelled . | . . . . Allies | -11 -10 -10 -10 -------- Run | Scr Mat Min Exi Total Allies 3 | . . 3 . Largest Group 3 | . . 3 . Highest-Rated Group 40 | . . 40 . Highest-Rated Ally 16 | . . 16 . Total Orders 2 | . . 2 . STAY 1 | . . 1 . FOLLOW 1 | . . 1 . Ally Attacks 14 | . . 14 . Total Damage 138 | . . 138 . Kills 1 | . . 1 . Allies Corrupted . | . . . . Allies Melted . | . . . . Intel | -11 -10 -10 -10 ------- Run | Scr Mat Min Exi Robot Analysis Total 4 | . 4 . . Derelict Logs Recovered 2 | . . 2 . Drone Launches . | . . . . Drone Recoveries . | . . . . Exploration | -11 -10 -10 -10 ------------- Run | Scr Mat Min Exi Turns Passed 4996 | 83 1540 1268 2105 Spaces Moved 2354 | 36 648 675 995 Core 4 | 4 . . . Treads 1629 | 32 433 296 868 Legs 721 | . 215 379 127 Wheels . | . . . . Hover . | . . . . Flight . | . . . . Fastest Speed 50 | 50 160 180 120 Average Speed 174 | 147 172 180 173 Slowest Speed 220 | 160 180 180 220 Overloaded Moves . | . . . . Propulsion Burnouts . | . . . . Robots Hopped . | . . . . Cave-ins Triggered . | . . . . Exploration Rate (%) 68 | 6 97 98 71 Regions Visited 3 Branch Regions 2 Pre-discovered Areas 4 | . 2 1 1 Known Exits Taken 1 | . 1 . . Unknown Exits Taken 2 | 1 . 1 . Scrap Searched 1 | . . 1 . Spaces Dug 11 | . 3 8 . Terrain Destroyed 63 | . 16 40 7 Melee . | . . . . Projectile 5 | . 5 . . AOE 58 | . 11 40 7 Terrain Rammed . | . . . . Walls Destroyed . | . . . . Machines Disabled . | . . . . Actions | -11 -10 -10 -10 --------- Run | Scr Mat Min Exi Total 2972 | 51 941 724 1256 Wait 277 | . 171 22 84 Move 2351 | 35 647 674 995 Hop . | . . . . Pick Up 71 | 4 25 8 34 Fast Attach 25 | 6 4 2 13 Attach 20 | . 4 3 13 Detach 10 | . 2 1 7 Swap 16 | . 11 2 3 Drop 41 | . 13 7 21 Fire 142 | 6 64 5 67 Melee 19 | . . . 19 Ram . | . . . . Kick . | . . . . Crush . | . . . . Escape Stasis . | . . . . Rewire . | . . . . Trap . | . . . . Miscellaneous . | . . . . Route ------- -11/Scrapyard -10/Materials (discovered 4 exits: *Mat x3 / *Min) -10/Mines (discovered 3 exits: *Mat x2 / *Exi) -10/Exiles (discovered 1 exit: [*Min]) History --------- Turn | Location | Event 25 | -11/Scrapyard | Discovered new exit (range 15) 84 | -11/Scrapyard | Entered Materials 316 | -10/Materials | Build established: Mutant 554 | -10/Materials | Discovered new exit (range 10) 687 | -10/Materials | Identified exit to Mines 1218 | -10/Materials | Discovered new exit (range 6) 1298 | -10/Materials | Repaired Assault Rifle 1330 | -10/Materials | Repaired Lgt. Treads 1461 | -10/Materials | Discovered new exit (range 9) 1494 | -10/Materials | Identified exit to Materials 1624 | -10/Materials | Entered Mines 1632 | -10/Mines | Assisted by bots powering up and referring to "LRC-V3" 1653 | -10/Mines | Build established: Hauler-Mutant 1677 | -10/Mines | Discovered exit to Materials (range 5) 1684 | -10/Mines | Received a Rocket Launcher from a helpful Derelict 1811 | -10/Mines | Met a Derelict shopkeep closing up shop 2203 | -10/Mines | Central database locked down 2290 | -10/Mines | Assembled infested the area 2295 | -10/Mines | Assisted by a Guerilla fighting off Assembled 2368 | -10/Mines | Destroyed 7 combat bots 2415 | -10/Mines | Joined a pair of Derelicts in attacking an 0b10 outpost 2423 | -10/Mines | Discovered exit to Materials (range 9) 2436 | -10/Mines | Learned location of Storage (-7) 2463 | -10/Mines | A weapon hastily lodged in a ceiling crevice suddenly fell to the ground 2883 | -10/Mines | Deemed a non-threat by the Exiles lab entrance 2883 | -10/Mines | Discovered new exit (range 5) 2892 | -10/Mines | Entered Exiles 2936 | -10/Exiles | Met 8R-AWN 2967 | -10/Exiles | Met EX-HEX 3057 | -10/Exiles | Met EX-DEC 3086 | -10/Exiles | Learned location of Zion (-6) 3147 | -10/Exiles | Discovered new exit (range 14) 3378 | -10/Exiles | Met EX-BIN 3400 | -10/Exiles | Aligned with FarCom system 3402 | -10/Exiles | Given EX-Vault access code 3445 | -10/Exiles | Opened EX-Vault 3454 | -10/Exiles | Found Lightpack 2.0 3458 | -10/Exiles | Found Longsword +1 3506 | -10/Exiles | Warned to stay clear of 0b10 Research branches 4113 | -10/Exiles | Attacked by the Exiles 4221 | -10/Exiles | Core integrity fell below 50% 4287 | -10/Exiles | Core integrity fell below 20% 4303 | -10/Exiles | Destroyed 8R-AWN 4315 | -10/Exiles | Found Exp. Targeting Computer 4321 | -10/Exiles | Found AS-neutralizer No. 17b 4330 | -10/Exiles | Lost 7 parts (1p2n1u3w) 4927 | -10/Exiles | Lost 4 parts (2u2w) 4997 | -10/Exiles | Destroyed by DAS Turret with DAS Cannon Last Messages --------------- 04800_ Lgt. Armor Plating destroyed. 04820_ Extracted 5 matter. 04825_ Acquired Lgt. Armor Plating. 04848_ Machine disabled. 04849_ Knocked back. 04875_ Lgt. Armor Plating destroyed. 04877_ Knocked back. 04894_ Imp. Weapon Shielding destroyed. 04894_ Shock Rifle destroyed. 04894_ Knocked back. 04896_ Shock Rifle destroyed. 04896_ Knocked back. 04932_ Acquired Lrg. Storage Unit. 04942_ Extracted 20 matter. 04965_ 924X=JU0QFK,ULDHMPRQOBXFK7HBRO